| TOP OF THE 1ST |
|
Hillsboro Hops batting - Pitching for Boise Hawks : RHP Matt Morales
|
|
Pitching: RHP Matt Morales
|
|
|
Batting: RHB Yutaka Oki
|
0-0: Ball 1-0: Ball 2-0: Ball 3-0: Base on Balls
|
|
Batting: RHB Daniel Rivera
|
0-0: Called Strike 0-1: Ball 1-1: Called Strike Yutaka Oki steals 2nd base 1-2: Ground out 5-3 (Groundball, 5S, EV 83.8 MPH)
|
|
Batting: LHB Franklin Quezada
|
0-0: Ball 1-0: Reached on error, E8 (Flyball, 8LD, EV 95.6 MPH) Yutaka Oki scores
|
|
Batting: RHB Alejandro Hernandez
|
0-0: Ground out 5-3 (Groundball, 5L, EV 90.0 MPH)
|
|
Batting: RHB Jonathan Underhill
|
0-0: Ball 1-0: Swinging Strike 1-1: Ball 2-1: Ball 3-1: Base on Balls
|
|
Batting: RHB Cesar Rendon
|
0-0: Fly out, F9 (Flyball, 9, EV 96.2 MPH)
|
| Top of the 1st over - 1 run, 0 hits, 1 error, 2 left on base; Hillsboro 1 - Boise 0 |
| BOTTOM OF THE 1ST |
|
Boise Hawks batting - Pitching for Hillsboro Hops : RHP Andrew Yoder
|
|
Pitching: RHP Andrew Yoder
|
|
|
Batting: LHB Jerry Santana
|
0-0: Called Strike 0-1: Ball 1-1: Ball 2-1: Foul Ball, location: 2F 2-2: Ball 3-2: Foul Ball, location: 2F 3-2: Strikes out looking
|
|
Batting: RHB Aaron Burnet
|
0-0: Called Strike 0-1: Ball 1-1: Swinging Strike 1-2: Ball 2-2: Strikes out swinging
|
|
Batting: LHB Jason Ryan
|
0-0: Swinging Strike 0-1: Ball 1-1: Ball 2-1: SOLO HOME RUN (Flyball, 9D, EV 96.9 MPH), Distance : 369 ft
|
|
Batting: RHB Dan Hoffman
|
0-0: Called Strike 0-1: Swinging Strike 0-2: Strikes out looking
|
| Bottom of the 1st over - 1 run, 1 hit, 0 errors, 0 left on base; Hillsboro 1 - Boise 1 |
| TOP OF THE 2ND |
|
Hillsboro Hops batting - Pitching for Boise Hawks : RHP Matt Morales
|
|
Batting: RHB Antonio Luisa
|
0-0: Called Strike 0-1: Called Strike 0-2: SINGLE (Line Drive, 6D, EV 97.5 MPH)
|
|
Batting: RHB John Ricketts
|
0-0: Ball 1-0: Foul Ball, location: 2F 1-1: SINGLE (Groundball, 5D, EV 106.2 MPH) Antonio Luisa to second
|
|
Batting: LHB Josh Kirk
|
0-0: Fielders Choice at 3rd, U5 (Groundball, 5L, EV 78.1 MPH) John Ricketts to second
|
|
Batting: RHB Yutaka Oki
|
0-0: Swinging Strike 0-1: Swinging Strike 0-2: Ball 1-2: Fielders Choice at 2nd, 1-6 (Groundball, 34S, EV 61.9 MPH) John Ricketts to third
|
|
Batting: RHB Daniel Rivera
|
0-0: Called Strike 0-1: Ground out 4-3 (Groundball, 4, EV 83.1 MPH)
|
| Top of the 2nd over - 0 runs, 2 hits, 0 errors, 2 left on base; Hillsboro 1 - Boise 1 |
| BOTTOM OF THE 2ND |
|
Boise Hawks batting - Pitching for Hillsboro Hops : RHP Andrew Yoder
|
|
Batting: SHB Brad Madden
|
0-0: Ball 1-0: Swinging Strike 1-1: Fly out, F6 (Popup, 6, EV 56.2 MPH)
|
|
Batting: RHB Bob Hayes
|
0-0: Called Strike 0-1: Foul Ball, location: 2F 0-2: Foul Ball, location: 2F 0-2: Strikes out swinging
|
|
Batting: RHB Gashie Chimsima
|
0-0: Foul Ball, location: 2F 0-1: Ball 1-1: DOUBLE (Line Drive, 9LM, EV 108.8 MPH)
|
|
Batting: RHB Joe Shade
|
0-0: Called Strike 0-1: Ball 1-1: Called Strike 1-2: Strikes out swinging
|
| Bottom of the 2nd over - 0 runs, 1 hit, 0 errors, 1 left on base; Hillsboro 1 - Boise 1 |
| TOP OF THE 3RD |
|
Hillsboro Hops batting - Pitching for Boise Hawks : RHP Matt Morales
|
|
Batting: LHB Franklin Quezada
|
0-0: Ball 1-0: Ground out 5-3 (Groundball, 5L, EV 88.1 MPH)
|
|
Batting: RHB Alejandro Hernandez
|
0-0: Called Strike 0-1: Called Strike 0-2: Fly out, F1 (Line Drive, P, EV 70.6 MPH)
|
|
Batting: RHB Jonathan Underhill
|
0-0: Ball 1-0: Ball 2-0: Ball 3-0: Called Strike 3-1: Base on Balls
|
|
Batting: RHB Cesar Rendon
|
0-0: Ball Jonathan Underhill steals 2nd base 1-0: Foul Ball, location: 2F 1-1: Foul Ball, location: 2F 1-2: Ball 2-2: Foul Ball, location: 2F 2-2: Foul Ball, location: 2F 2-2: Strikes out swinging
|
| Top of the 3rd over - 0 runs, 0 hits, 0 errors, 1 left on base; Hillsboro 1 - Boise 1 |
| BOTTOM OF THE 3RD |
|
Boise Hawks batting - Pitching for Hillsboro Hops : RHP Andrew Yoder
|
|
Batting: RHB Wei-fang Ping
|
0-0: Called Strike 0-1: Ball 1-1: Swinging Strike 1-2: Fly out, F9 (Flyball, 89M, EV 91.2 MPH)
|
|
Batting: LHB Jerry Santana
|
0-0: Called Strike 0-1: Hit by Pitch
|
|
Batting: RHB Aaron Burnet
|
0-0: Called Strike 0-1: Called Strike Jerry Santana steals 2nd base 0-2: Ball 1-2: Ball 2-2: Strikes out looking
|
|
Batting: LHB Jason Ryan
|
0-0: Called Strike 0-1: Ground out 6-3 (Groundball, 6, EV 91.9 MPH)
|
| Bottom of the 3rd over - 0 runs, 0 hits, 0 errors, 1 left on base; Hillsboro 1 - Boise 1 |
| TOP OF THE 4TH |
|
Hillsboro Hops batting - Pitching for Boise Hawks : RHP Matt Morales
|
|
Batting: RHB Antonio Luisa
|
0-0: Ball 1-0: Ball 2-0: Ball 3-0: Called Strike 3-1: Base on Balls
|
|
Batting: RHB John Ricketts
|
0-0: Ball 1-0: SINGLE (Groundball, 56D, EV 96.2 MPH) Antonio Luisa to second
|
|
Batting: LHB Josh Kirk
|
0-0: Called Strike 0-1: Ball 1-1: Foul Ball, location: 2F 1-2: Ball 2-2: Ball 3-2: Base on Balls Antonio Luisa to third John Ricketts to second
|
|
Batting: RHB Yutaka Oki
|
0-0: Called Strike 0-1: Called Strike 0-2: Foul Ball, location: 2F 0-2: Fielders Choice at 2nd, 6-4 (Groundball, 6MS, EV 85.0 MPH) Antonio Luisa scores John Ricketts to third
|
|
Batting: RHB Daniel Rivera
|
0-0: Called Strike Yutaka Oki steals 2nd base 0-1: Ball 1-1: Ball 2-1: Ball 3-1: Called Strike 3-2: Ground out 6-3 (Groundball, 56, EV 83.8 MPH) John Ricketts scores
|
|
Batting: LHB Franklin Quezada
|
0-0: Ball 1-0: Ball 2-0: Ball Wild Pitch! Yutaka Oki to third 3-0: Base on Balls
|
|
Batting: RHB Alejandro Hernandez
|
0-0: Ball 1-0: Called Strike 1-1: Called Strike Franklin Quezada steals 2nd base 1-2: Fly out, F8 (Line Drive, 8RD, EV 93.1 MPH)
|
| Top of the 4th over - 2 runs, 1 hit, 0 errors, 2 left on base; Hillsboro 3 - Boise 1 |
| BOTTOM OF THE 4TH |
|
Boise Hawks batting - Pitching for Hillsboro Hops : RHP Andrew Yoder
|
|
Batting: RHB Dan Hoffman
|
0-0: Ground out 5-3 (Groundball, 5, EV 78.8 MPH)
|
|
Batting: SHB Brad Madden
|
0-0: SOLO HOME RUN (Line Drive, 9D, EV 103.8 MPH), Distance : 376 ft
|
|
Batting: RHB Bob Hayes
|
0-0: Ball 1-0: Foul Ball, location: 2F 1-1: Foul Ball, location: 2F 1-2: Ball 2-2: Strikes out looking
|
|
Batting: RHB Gashie Chimsima
|
0-0: Called Strike 0-1: Foul Ball, location: 2F 0-2: Ball 1-2: Foul Ball, location: 2F 1-2: Foul Ball, location: 2F 1-2: Foul Ball, location: 2F 1-2: Ball 2-2: Foul Ball, location: 2F 2-2: Ball 3-2: Strikes out swinging
|
| Bottom of the 4th over - 1 run, 1 hit, 0 errors, 0 left on base; Hillsboro 3 - Boise 2 |
| TOP OF THE 5TH |
|
Hillsboro Hops batting - Pitching for Boise Hawks : RHP Matt Morales
|
|
Pitching: RHP Julio Marquez
|
|
|
Batting: RHB Jonathan Underhill
|
0-0: Ball 1-0: Called Strike 1-1: Ball 2-1: DOUBLE (Line Drive, 7LM, EV 102.5 MPH)
|
|
Batting: RHB Cesar Rendon
|
0-0: Called Strike 0-1: Called Strike 0-2: Foul Ball, location: 2F 0-2: Ball 1-2: Ball 2-2: Strikes out swinging
|
|
Batting: RHB Antonio Luisa
|
0-0: Fly out, F7 (Line Drive, 78S, EV 96.9 MPH)
|
|
Batting: RHB John Ricketts
|
0-0: Called Strike 0-1: Foul Ball, location: 2F 0-2: Ground out 5-3 (Groundball, 5, EV 100.6 MPH)
|
| Top of the 5th over - 0 runs, 1 hit, 0 errors, 1 left on base; Hillsboro 3 - Boise 2 |
| BOTTOM OF THE 5TH |
|
Boise Hawks batting - Pitching for Hillsboro Hops : RHP Andrew Yoder
|
|
Batting: RHB Joe Shade
|
0-0: Fly out, F9 (Flyball, 9D, EV 85.0 MPH)
|
|
Batting: RHB Wei-fang Ping
|
0-0: Called Strike 0-1: Hit by Pitch
|
|
Batting: LHB Jerry Santana
|
0-0: Called Strike 0-1: Ball 1-1: Ball 2-1: Foul Ball, location: 2F 2-2: Strikes out swinging
|
|
Batting: RHB Aaron Burnet
|
0-0: Ball 1-0: Hit by Pitch Wei-fang Ping to second
|
|
Batting: LHB Jason Ryan
|
0-0: Ball 1-0: Ball 2-0: Ball 3-0: Called Strike 3-1: Foul Ball, location: 2F 3-2: Base on Balls Wei-fang Ping to third Aaron Burnet to second
|
|
Batting: RHB Dan Hoffman
|
0-0: Called Strike 0-1: Ball 1-1: Foul Ball, location: 2F 1-2: Ball 2-2: Ball Wild Pitch! Wei-fang Ping scores Aaron Burnet to third Jason Ryan to second 3-2: Base on Balls
|
|
Batting: SHB Brad Madden
|
0-0: Called Strike 0-1: Ground out 4-3 (Groundball, 4, EV 80.0 MPH)
|
| Bottom of the 5th over - 1 run, 0 hits, 0 errors, 3 left on base; Hillsboro 3 - Boise 3 |
| TOP OF THE 6TH |
|
Hillsboro Hops batting - Pitching for Boise Hawks : RHP Julio Marquez
|
|
Batting: LHB Josh Kirk
|
0-0: Called Strike 0-1: Swinging Strike 0-2: Ball 1-2: Strikes out swinging
|
|
Batting: RHB Yutaka Oki
|
0-0: Called Strike 0-1: Called Strike 0-2: Ball 1-2: DOUBLE (Line Drive, 89D, EV 103.8 MPH)
|
|
Batting: RHB Daniel Rivera
|
0-0: Ball 1-0: Foul Ball, location: 2F 1-1: Ball 2-1: Ball 3-1: Base on Balls
|
|
Batting: LHB Franklin Quezada
|
0-0: Ball 1-0: 3-RUN HOME RUN (Flyball, 89XD, EV 104.4 MPH), Distance : 395 ft
|
|
Pitching: LHP Josh Alvarez
|
|
|
Batting: RHB Alejandro Hernandez
|
0-0: Foul Ball, location: 2F 0-1: Foul Ball, location: 2F 0-2: DOUBLE (Line Drive, 89D, EV 110.0 MPH)
|
|
Batting: RHB Jonathan Underhill
|
0-0: Called Strike 0-1: Called Strike 0-2: SINGLE (Line Drive, 3D, EV 97.5 MPH) Alejandro Hernandez to third
|
|
Batting: RHB Cesar Rendon
|
0-0: Called Strike 0-1: Called Strike Jonathan Underhill steals 2nd base 0-2: Ball 1-2: 3-RUN HOME RUN (Flyball, 7D, EV 96.2 MPH), Distance : 353 ft
|
|
Batting: RHB Antonio Luisa
|
0-0: Ground out 4-3 (Groundball, 4, EV 108.1 MPH)
|
|
Batting: RHB John Ricketts
|
0-0: Called Strike 0-1: Called Strike 0-2: Ball 1-2: Foul Ball, location: 2F 1-2: Strikes out swinging
|
| Top of the 6th over - 6 runs, 5 hits, 0 errors, 0 left on base; Hillsboro 9 - Boise 3 |
| BOTTOM OF THE 6TH |
|
Boise Hawks batting - Pitching for Hillsboro Hops : RHP Andrew Yoder
|
|
Batting: RHB Bob Hayes
|
0-0: Called Strike 0-1: Ground out 3-1 (Groundball, 34, EV 80.0 MPH)
|
|
Batting: RHB Gashie Chimsima
|
0-0: Ground out 5-3 (Groundball, 56, EV 98.8 MPH)
|
|
Batting: RHB Joe Shade
|
0-0: Ball 1-0: Called Strike 1-1: Ball 2-1: Swinging Strike 2-2: Foul Ball, location: 2F 2-2: Foul Ball, location: 2F 2-2: Ground out 6-3 (Groundball, 6, EV 88.8 MPH)
|
| Bottom of the 6th over - 0 runs, 0 hits, 0 errors, 0 left on base; Hillsboro 9 - Boise 3 |
| TOP OF THE 7TH |
|
Hillsboro Hops batting - Pitching for Boise Hawks : LHP Josh Alvarez
|
|
Batting: LHB Josh Kirk
|
0-0: Ball 1-0: Ball 2-0: Ball 3-0: Base on Balls
|
|
Batting: RHB Yutaka Oki
|
0-0: 2-RUN HOME RUN (Flyball, 78XD, EV 105.6 MPH), Distance : 402 ft
|
|
Pitching: LHP Matt Belair
|
|
|
Batting: RHB Daniel Rivera
|
0-0: Ball 1-0: Foul Ball, location: 2F 1-1: Reached on error, E6 (Groundball, 6, EV 86.2 MPH)
|
|
Pinch Hitting: RHB Chris McGrath
|
0-0: Foul Ball, location: 2F 0-1: Ball 1-1: Foul Ball, location: 2F 1-2: Strikes out swinging
|
|
Batting: RHB Alejandro Hernandez
|
0-0: Foul Ball, location: 2F 0-1: Ball 1-1: Ball 2-1: Ball 3-1: Foul Ball, location: 2F 3-2: Foul Ball, location: 2F 3-2: Base on Balls
|
|
Batting: RHB Jonathan Underhill
|
0-0: Foul Ball, location: 2F 0-1: Grounds into double play, 5-4-3 (Groundball, 56, EV 103.8 MPH)
|
| Top of the 7th over - 2 runs, 1 hit, 1 error, 1 left on base; Hillsboro 11 - Boise 3 |
| BOTTOM OF THE 7TH |
|
Boise Hawks batting - Pitching for Hillsboro Hops : RHP Andrew Yoder
|
|
Now in RF: Chris McGrath
|
|
|
Batting: RHB Wei-fang Ping
|
0-0: Called Strike 0-1: Ball 1-1: Ball 2-1: Ball 3-1: Foul Ball, location: 2F 3-2: Foul Ball, location: 2F 3-2: Strikes out swinging
|
|
Pitching: RHP Jake Priest
|
|
|
Batting: LHB Jerry Santana
|
0-0: Ball 1-0: Fly out, F8 (Flyball, 8LS, EV 81.9 MPH)
|
|
Pinch Hitting: SHB Clayton Saunders
|
0-0: Fly out, F8 (Line Drive, 8LD, EV 94.4 MPH)
|
| Bottom of the 7th over - 0 runs, 0 hits, 0 errors, 0 left on base; Hillsboro 11 - Boise 3 |
| TOP OF THE 8TH |
|
Hillsboro Hops batting - Pitching for Boise Hawks : LHP Matt Belair
|
|
Now in LF: Clayton Saunders
|
|
|
Batting: RHB Cesar Rendon
|
0-0: Ball 1-0: Ball 2-0: Ball 3-0: Base on Balls
|
|
Batting: RHB Antonio Luisa
|
0-0: Ball 1-0: Foul Ball, location: 2F 1-1: Ground out 6-3 (Groundball, 56D, EV 101.2 MPH) Cesar Rendon to second
|
|
Batting: RHB John Ricketts
|
0-0: Ball 1-0: Ball 2-0: Called Strike 2-1: Ball 3-1: Foul Ball, location: 2F 3-2: Foul Ball, location: 2F 3-2: Foul Ball, location: 2F 3-2: Ground out 6-3 (Groundball, 6, EV 101.9 MPH)
|
|
Batting: LHB Josh Kirk
|
0-0: Called Strike 0-1: Fly out, F3 (Line Drive, 3L, EV 72.5 MPH)
|
| Top of the 8th over - 0 runs, 0 hits, 0 errors, 1 left on base; Hillsboro 11 - Boise 3 |
| BOTTOM OF THE 8TH |
|
Boise Hawks batting - Pitching for Hillsboro Hops : RHP Jake Priest
|
|
Batting: LHB Jason Ryan
|
0-0: Fly out, F4 (Line Drive, 4, EV 73.8 MPH)
|
|
Batting: RHB Dan Hoffman
|
0-0: Fly out, F7 (Flyball, 78M, EV 83.8 MPH)
|
|
Batting: SHB Brad Madden
|
0-0: Ball 1-0: Called Strike 1-1: Ball 2-1: Foul Ball, location: 2F 2-2: Foul Ball, location: 2F 2-2: Ball 3-2: Foul Ball, location: 2F 3-2: Strikes out looking
|
| Bottom of the 8th over - 0 runs, 0 hits, 0 errors, 0 left on base; Hillsboro 11 - Boise 3 |
| TOP OF THE 9TH |
|
Hillsboro Hops batting - Pitching for Boise Hawks : LHP Matt Belair
|
|
Pinch Hitting: LHB Dallas Kelly
|
0-0: Ball 1-0: Foul Ball, location: 2F 1-1: Reached via error on a dropped throw from 1B, E1 (Groundball, 34S, EV 76.2 MPH)
|
|
Batting: RHB Daniel Rivera
|
0-0: Called Strike 0-1: Ball 1-1: Ball 2-1: Ball 3-1: Base on Balls Dallas Kelly to second
|
|
Batting: RHB Chris McGrath
|
0-0: Called Strike 0-1: Ball Wild Pitch! Dallas Kelly to third Daniel Rivera to second 1-1: Called Strike 1-2: Ball 2-2: Ball 3-2: Foul Ball, location: 2F 3-2: Base on Balls
|
|
Pitching: RHP Jim Crooks
|
|
|
Batting: RHB Alejandro Hernandez
|
0-0: Ball 1-0: Called Strike Balk! Dallas Kelly scores Daniel Rivera to third Chris McGrath to second 1-1: Ground out 6-3 (Groundball, 6M, EV 81.2 MPH) Daniel Rivera scores Chris McGrath to third
|
|
Batting: RHB Jonathan Underhill
|
0-0: Foul Ball, location: 2F 0-1: Swinging Strike 0-2: Foul Ball, location: 2F 0-2: Ball 1-2: Foul Ball, location: 2F 1-2: Hit by Pitch
|
|
Batting: RHB Cesar Rendon
|
0-0: Ball 1-0: Ball 2-0: Called Strike 2-1: Called Strike 2-2: Foul Ball, location: 2F 2-2: Ball 3-2: Foul Ball, location: 2F 3-2: Base on Balls Jonathan Underhill to second
|
|
Batting: RHB Antonio Luisa
|
0-0: SINGLE (Line Drive, 4MD, EV 99.4 MPH) Chris McGrath scores Jonathan Underhill to third Cesar Rendon to second
|
|
Pinch Hitting: RHB Trevor Corey
|
0-0: Ball 1-0: Called Strike 1-1: DOUBLE (Groundball, 5L, EV 103.1 MPH) Jonathan Underhill scores Cesar Rendon scores Antonio Luisa to third
|
|
Batting: LHB Josh Kirk
|
0-0: Ball 1-0: Ball 2-0: Reached on error, E6 (Groundball, 6, EV 86.9 MPH) Antonio Luisa scores Trevor Corey to third
|
|
Batting: LHB Dallas Kelly
|
0-0: Called Strike 0-1: Called Strike 0-2: Fly out, F7 (Flyball, 7D, EV 96.9 MPH) Runner from 3rd tags up, SCORES, no throw by LF
|
|
Batting: RHB Daniel Rivera
|
0-0: Fielders Choice at 2nd, 6-4 (Groundball, 6, EV 99.4 MPH)
|
| Top of the 9th over - 7 runs, 2 hits, 2 errors, 1 left on base; Hillsboro 18 - Boise 3 |
| BOTTOM OF THE 9TH |
|
Boise Hawks batting - Pitching for Hillsboro Hops : RHP Jake Priest
|
|
Now at C: Trevor Corey
|
|
|
Now in LF: Dallas Kelly
|
|
|
Batting: RHB Bob Hayes
|
0-0: Ball 1-0: Swinging Strike 1-1: Ball 2-1: Ball 3-1: Called Strike 3-2: Base on Balls
|
|
Pinch Hitting: SHB Chris Besselman
|
0-0: Ball 1-0: Called Strike 1-1: Foul Ball, location: 2F 1-2: Strikes out swinging
|
|
Pinch Hitting: RHB Brent Montagano
|
0-0: Called Strike 0-1: Called Strike 0-2: Foul Ball, location: 2F 0-2: Ball 1-2: SINGLE (Groundball, 4MS, EV 73.8 MPH) (infield hit) Bob Hayes to second
|
|
Pinch Hitting: RHB Carlos de Jesus
|
0-0: Ball 1-0: Ball 2-0: Ball 3-0: Base on Balls Bob Hayes to third Brent Montagano to second
|
|
Batting: LHB Jerry Santana
|
0-0: Foul Ball, location: 2F 0-1: Ball 1-1: Called Strike 1-2: Foul Ball, location: 2F 1-2: Foul Ball, location: 2F 1-2: Foul Ball, location: 2F 1-2: Ball 2-2: Strikes out looking
|
|
Pitching: LHP Matt Bagnall
|
|
|
Pinch Hitting: RHB John Clark
|
0-0: Ball 1-0: Ball 2-0: Ball 3-0: Called Strike 3-1: Base on Balls Bob Hayes scores Brent Montagano to third Carlos de Jesus to second
|
|
Batting: LHB Jason Ryan
|
0-0: Ball 1-0: Swinging Strike 1-1: Ball 2-1: Foul Ball, location: 2F 2-2: Strikes out swinging
|
| Bottom of the 9th over - 1 run, 1 hit, 0 errors, 3 left on base; Hillsboro 18 - Boise 4 |
|